 Dungeon Crawl Stone Soup version 0.21-a0-538-gd16b88a (webtiles) character file.

115 slep the Chopper (level 4, -2/34 HPs)
             Began as a Demonspawn Gladiator on Dec 17, 2017.
             Slain by Natasha (5 damage)
             ... on level 2 of the Dungeon.
             The game lasted 00:04:03 (813 turns).

slep the Chopper (Demonspawn Gladiator)              Turns: 813, Time: 00:04:04

Health: -2/34      AC: 10    Str: 15    XL:     4   Next: 68%
Magic:  4/4        EV: 12    Int: 10    God:
Gold:   70         SH:  0    Dex: 14    Spells: 3/3 levels left

rFire    . . .     SeeInvis .   a - +0 war axe
rCold    . . .     Gourm    .   (no shield)
rNeg     . . .     Faith    .   b - +0 leather armour
rPois    .         Spirit   .   c - +0 helmet
rElec    .         Reflect  .   (no cloak)
rCorr    .         Harm     .   (no gloves)
MR       .....                  (no boots)
Stlth    +.........             r - amulet of rage
HPRegen  0.11/turn              (no ring)
MPRegen  0.09/turn              (no ring)

@: sanguine armour, drained
A: claws 1, sanguine armour 1
a: Evoke Berserk Rage


You were on level 2 of the Dungeon.
You were not hungry.

You visited 1 branch of the dungeon, and saw 2 of its levels.

You collected 70 gold pieces.

Inventory:

Hand Weapons
 a - a +0 war axe (weapon)
Missiles
 d - 3 throwing nets (quivered)
Armour
 b - a +0 leather armour (worn)
 c - a +0 helmet (worn)
Jewellery
 o - an uncursed amulet of harm
 r - an amulet of rage (around neck)
Scrolls
 e - a scroll of remove curse {unknown}
 i - a scroll of magic mapping {unknown}
 k - a scroll of teleportation {unknown}
 l - a scroll of amnesia {unknown}
 m - a scroll of enchant armour {unknown}
 p - a scroll of identify {unknown}
 q - a scroll of fear {unknown}
Potions
 g - a potion of curing {unknown}
 h - a potion of brilliance {unknown}
 j - a potion of lignification {unknown}
Comestibles
 f - a bread ration
 n - 5 chunks of flesh


   Skills:
 + Level 2.9(1.9) Fighting
 + Level 3.9(2.8) Axes
 + Level 1.9(0.8) Throwing
 + Level 1.0(0.0) Armour
 + Level 2.9(1.9) Dodging
 + Level 0.8(0.0) Stealth


You had 3 spell levels left.
You didn't know any spells.

Dungeon Overview and Level Annotations

Branches:
Dungeon (2/15)

Altars:

Annotations:
D:2 Natasha


Innate Abilities, Weirdness & Mutations

You have sharp fingernails.
When seriously injured, your bleeding wounds create armour. (AC +6)


Message History

Natasha, Servant of Life and Death comes into view.
Natasha stares at you and mumbles some strange words.
The magic dart hits you!
* * * LOW HITPOINT WARNING * * *
Found a short sword.
You closely miss Natasha. Natasha claws you.
* * * LOW HITPOINT WARNING * * *
Natasha completely misses you.
You barely miss Natasha. Natasha casts a spell at you.
You resist with some effort.
You hit Natasha but do no damage. Natasha barely misses you.
You barely miss Natasha. Natasha misses you.
Natasha casts a spell.
You closely miss Natasha. You completely miss the white imp.
Natasha misses you. The white imp misses you.
You slash Natasha!
Natasha is severely wounded.
You hit the white imp but do no damage. Natasha claws you.
You die...

#.)....####...
#...>..#....##. ...
#..........# #.# ....)
...#.......###..####.....
........<....#..........
........).#..........[#
.#......†..#..........#
.#......)..≈.≈.h.....#
##........≈.≈.≈.@5.#.#
#.........#...#....#.#
(........##.≈.#......#
.........# ...##....##
.....)..## .≈.##.....##
..##...####...##......#
..........# .#....#.##
(#####..>## #.....## ##
#...# #(....#


You could see Natasha and a white imp.

Vanquished Creatures
  An orc wizard (D:2)
  Natasha (D:2)
  A gnoll (D:1)
  3 dart slugs (D:1)
  3 leopard geckos (D:1)
  2 orcs (D:2)
  5 bats (D:1)
  A giant cockroach (D:1)
  5 goblins
  8 hobgoblins
  4 frilled lizards
  5 kobolds
  4 rats
43 creatures vanquished.

Notes
Turn   | Place    | Note
-------+----------+-------------------------------------------
     0 | D:1      | slep the Demonspawn Gladiator began the quest for the Orb.
     0 | D:1      | Reached XP level 1. HP: 16/16 MP: 1/1
    89 | D:1      | Gained mutation: You have sharp fingernails. [demonic ancestry]
    89 | D:1      | Reached XP level 2. HP: 9/22 MP: 2/2
   118 | D:1      | Reached skill level 3 in Axes
   311 | D:1      | Reached XP level 3. HP: 12/27 MP: 3/3
   722 | D:2      | Gained mutation: When seriously injured, your bleeding wounds create armour. (AC +6) [demonic ancestry]
   722 | D:2      | Reached XP level 4. HP: 15/34 MP: 4/4
   723 | D:2      | Reached skill level 1 in Armour
   776 | D:2      | Noticed Natasha
   782 | D:2      | Killed Natasha
   805 | D:2      | Noticed Natasha
   813 | D:2      | Slain by Natasha

Vault maps used:
D:1:      roderic_octagonal_star
D:2:      led_sif_pool, nicolae_ru_path_of_blood, minmay_splitting_lines,
          lemuel_tele_altar, uniq_natasha

Skill      XL: |  1  2  3  4 |
---------------+-------------+-----
Axes           | 3 |  3.9
Armour         | 1 |  1.0
Fighting       | |  2.9
Throwing       | |  1.9
Dodging        | |  2.9
Stealth        | |  0.8

Action                   |  1- 3 |  4- 6 || total
-------------------------+-------+-------++-------
Melee: War axe           |    98 |    19 ||   117
 Abil: Evoke Berserk Rag |     1 |       ||     1
 Stab: Sleeping          |     2 |       ||     2
  Eat: Chunk             |       |     1 ||     1
Armor: Leather armour    |    32 |     7 ||    39
Dodge: Dodged            |    70 |    18 ||    88

Table legend:
 A = Spawn XP
 B = Non-spawn XP
 C = Spawn XP percentage of total XP
 D = Spawn monster count
 E = Non-spawn monster count
 F = Spawn count percentage of total count
 G = Total turns spent on level
                    A         B        C        D         E        F      G
               +---------+---------+-------+---------+---------+-------+---------
         Total |       0 |     165 |   0.0 |       0 |      43 |   0.0 |   813
               +---------+---------+-------+---------+---------+-------+---------
           D:1 |       0 |      70 |   0.0 |       0 |      29 |   0.0 |   654
           D:2 |       0 |      95 |   0.0 |       0 |      14 |   0.0 |   159
               +---------+---------+-------+---------+---------+-------+---------
